 Dungeon Crawl Stone Soup version 0.30-a0-627-gc11e7ae810 (webtiles) character file.

Game seed: 17387142872271241156

39058 chorionicmirror the Nimble (level 14, -3/111 HPs)
             Began as a Gnoll Monk on Jan 12, 2023.
             Was a High Priest of Makhleb.
             Slain by a komodo dragon (14 damage)
             ... on level 10 of the Dungeon.
             The game lasted 00:23:47 (9776 turns).

chorionicmirror the Nimble (Gnoll Monk)             Turns: 9776, Time: 00:23:47

Health: -3/111     AC:  9    Str: 21    XL:     14   Next: 4%
Magic:  26/26      EV: 22    Int: 13    God:    Makhleb [*****.]
Gold:   1150       SH:  5    Dex: 15    Spells: 29/30 levels left

rFire   . . .      SeeInvis +    m - +6 trident "Qoimuar" {flame, rF+ rN+ Stlth+}
rCold   + . .      Faith    .    (no shield)
rNeg    + + +      Spirit   .    p - +2 robe of the Harp {+Blink Fly Str+4}
rPois   +          Reflect  +    G - +0 helmet {SInv}
rElec   +          Harm     .    n - scarf {repulsion}
rCorr   .          Rampage  .    b - +2 pair of gloves "Zuby" {rPois SInv Stlth+}
Will    +....                    (no boots)
Stlth   ++++++                   R - amulet of reflection
HPRegen 0.38/turn                M - ring of Incredulity {rN++ EV+5}
MPRegen 0.20/turn                L - ring "Jiadu" {Ice rElec Str+5}

@: flying, repel missiles
A: fangs 1, strong nose, distributed training
a: Renounce Religion, Evoke Blink, Minor Destruction, Lesser Servant of Makhleb,
Major Destruction, Greater Servant of Makhleb


You were on level 10 of the Dungeon.
You worshipped Makhleb.
Makhleb was extremely pleased with you.
You visited 2 branches of the dungeon, and saw 11 of its levels.
You also visited: Ossuary and Bailey.

You collected 1150 gold pieces.

Inventory:

Hand Weapons
 m - the +6 trident "Qoimuar" (weapon) {flame, rF+ rN+ Stlth+}
   (You found it on level 2 of the Dungeon)

   rF:        It protects you from fire.
   rN:        It protects you from negative energy.
   Stlth:     It makes you more stealthy.
Missiles
 V - a throwing net
Armour
 b - the +2 pair of gloves "Zuby" (worn) {rPois SInv Stlth+}
   (You acquired it on level 4 of the Dungeon)

   rPois:     It protects you from poison.
   SInv:      It lets you see invisible.
   Stlth:     It makes you more stealthy.
 d - a +1 leather armour of fire resistance
 k - a scarf of invisibility
 n - a scarf of repulsion (worn)
 p - the +2 robe of the Harp (worn) {+Blink Fly Str+4}
   (You found it on level 2 of the Dungeon)

   Str:       It affects your strength (+4).
   Fly:       It grants you flight.
   +Blink:    It lets you blink.
 B - a +1 pair of gloves
 F - a scarf of shadows
 G - a +0 helmet of see invisible (worn)
 S - a +1 leather armour of fire resistance
Jewellery
 a - an amulet of magic regeneration
 r - a +5 ring of evasion
 t - a +6 ring of dexterity
 v - a +4 ring of protection
 x - a ring of fire
 y - a +6 ring of strength
 D - a +4 ring of slaying
 E - a ring of ice
 I - an amulet of the acrobat
 J - a ring of willpower
 K - an amulet of guardian spirit
 L - the ring "Jiadu" (right hand) {Ice rElec Str+5}
   (You found it on level 7 of the Dungeon)

   [ring of ice]

   It enhances your ice magic.
   Str:       It affects your strength (+5).
   rF:        It makes you vulnerable to fire.
   rC:        It protects you from cold.
   rElec:     It insulates you from electricity.
 M - the ring of Incredulity (left hand) {rN++ EV+5}
   (You found it on level 7 of the Dungeon)

   [ring of evasion]

   EV:        It affects your evasion (+5).
   rN:        It greatly protects you from negative energy.
 R - an amulet of reflection (around neck)
 U - a ring of fire
Wands
 e - a wand of flame (9)
 W - a wand of charming (10)
 Z - a wand of quicksilver (5)
Scrolls
 h - 2 scrolls of fog {unknown}
 i - 2 scrolls of brand weapon
 l - 2 scrolls of enchant weapon
 o - 2 scrolls of torment
 q - 4 scrolls of teleportation
 s - 2 scrolls of blinking
 A - a scroll of acquirement
 C - 2 scrolls of magic mapping
 P - a scroll of silence
 X - a scroll of enchant armour {unknown}
Potions
 c - 2 potions of ambrosia
 f - 3 potions of flight
 g - 5 potions of curing
 j - a potion of attraction
 u - 2 potions of invisibility
 w - 4 potions of haste
 z - 3 potions of brilliance
 H - 2 potions of magic
 N - a potion of might
 O - 4 potions of lignification {unknown}
 Q - 3 potions of berserk rage {unknown}
 T - a potion of mutation {unknown}
 Y - a potion of cancellation {unknown}


   Skills:
 + Level 10.8 Fighting
 + Level 8.5 Short Blades
 + Level 10.8 Long Blades
 + Level 8.5 Axes
 + Level 8.5 Maces & Flails
 + Level 8.5 Polearms
 + Level 8.5 Staves
 + Level 8.5 Ranged Weapons
 + Level 8.5 Throwing
 + Level 8.5 Armour
 + Level 10.8 Dodging
 + Level 9.5 Stealth
 + Level 8.5 Shields
 + Level 8.5 Unarmed Combat
 + Level 8.5 Spellcasting
 + Level 7.1 Conjurations
 + Level 7.1 Hexes
 + Level 7.1 Summonings
 + Level 7.1 Necromancy
 + Level 7.1 Translocations
 + Level 7.1 Transmutations
 + Level 7.1 Fire Magic
 + Level 7.1 Ice Magic
 + Level 7.1 Air Magic
 + Level 7.1 Earth Magic
 + Level 7.1 Poison Magic
 + Level 9.3 Invocations
 + Level 8.5 Evocations


You had 29 spell levels left.
You knew the following spells:

 Your Spells              Type           Power      Damage    Failure   Level
a - Shock                 Conj/Air       96%        1d9       1%          1

Your spell library contained the following spells:

 Spells                   Type           Power      Damage    Failure   Level
 Beastly Appendage        Tmut           48%        N/A       1%          1
 Freeze                   Ice            100%       1d10      1%          1
 Summon Small Mammal      Summ           96%        N/A       1%          1
 Cigotuvi's Dreadful Rot  Necr/Pois/Air  48%        N/A       1%          2
 Poisonous Vapours        Pois/Air       48%        N/A       1%          2
 Sublimation of Blood     Necr           24%        N/A       1%          2
 Wereblood                Tmut           24%        N/A       1%          2
 Call Canine Familiar     Summ           24%        N/A       1%          3
 Frozen Ramparts          Ice            72%        1d11      1%          3
 Hailstorm                Conj/Ice       36%        3d9       1%          3
 Mephitic Cloud           Conj/Pois/Air  24%        N/A       1%          3
 Spider Form              Tmut/Pois      24%        N/A       1%          3
 Summon Guardian Golem    Hex/Summ       24%        N/A       1%          3
 Swiftness                Air            24%        N/A       1%          3
 Airstrike                Air            12%        2d(2-18)  7%          4
 Flame Wave               Conj/Fire      24%        2d8       7%          4
 Ice Form                 Ice/Tmut       36%        N/A       7%          4
 Summon Ice Beast         Ice/Summ       36%        N/A       7%          4
 Alistair's Intoxication  Tmut/Pois      16%        N/A       19%         5
 Starburst                Conj/Fire      12%        6d5       71%         6
 Summon Hydra             Summ           12%        N/A       99%         7


Dungeon Overview and Level Annotations

Branches:
Dungeon (10/15)            Temple (1/1) D:7            Lair (0/5) D:8
    Orc (0/2) D:9         Ossuary (visited)          Bailey (visited)

Altars:
Ashenzari
Cheibriados
Dithmenos
Elyvilon
Fedhas
Gozag
Hepliaklqana
Kikubaaqudgha
Makhleb
Nemelex Xobeh
Okawaru
Qazlal
Ru
Sif Muna
Trog
Uskayaw
Vehumet
Wu Jian
Xom
Yredelemnul
Zin
The Shining One

Annotations:
D:9 exclusion: statue


Innate Abilities, Weirdness & Mutations

You have very sharp teeth.
Your uncanny sense of smell can sniff out nearby items.
Your experience applies equally to all skills.


Message History

You hit the komodo dragon. You burn the komodo dragon.
You bite the komodo dragon, but do no damage.
The komodo dragon is heavily wounded.
The komodo dragon misses you.
You closely miss the komodo dragon.
The komodo dragon is heavily wounded.
The komodo dragon bites you!!
The two-headed ogre hits you with a +0 giant club!!
You block the two-headed ogre's attack.
You are too injured to fight recklessly!
You are too injured to fight recklessly!
You puncture the two-headed ogre! You burn the two-headed ogre!
The two-headed ogre is heavily wounded.
The komodo dragon misses you. The killer bee barely misses you.
You hit the two-headed ogre. You burn the two-headed ogre.
Your bite misses the two-headed ogre.
The two-headed ogre is heavily wounded.
The killer bee stings you.
The two-headed ogre completely misses you.
The two-headed ogre hits you with a +0 giant club!
* * * LOW HITPOINT WARNING * * *
The komodo dragon completely misses you.
You puncture the two-headed ogre! You burn the two-headed ogre.
Your bite misses the two-headed ogre.
The two-headed ogre is severely wounded.
The killer bee completely misses you. You block the killer bee's attack.
The komodo dragon misses you.
You hit the two-headed ogre. You burn the two-headed ogre.
You punch the two-headed ogre.
The two-headed ogre is almost dead.
The killer bee closely misses you.
The two-headed ogre hits you with a +0 giant club!
* * * LOW HITPOINT WARNING * * *
The two-headed ogre completely misses you.
The killer bee completely misses you.
You barely miss the two-headed ogre.
You bite the two-headed ogre, but do no damage.
The two-headed ogre is almost dead.
The killer bee misses you. The komodo dragon bites you!
You die...

'...# #...........######
##### #................#
# #########'#########.#
#.........# #.#
###.#################.#
##.#..#...#...#...$.$#.#
...#.##..†#.).#.?....#.#
##.#.##...#...#yOl...#.#
#.#.##...###'##@#####.#
#.#.##...#......#8≈~..#
#.#.##...'......#≈≈~..#
#....#...#..##..#≈≈~..#
####.#####..##..#≈≈≈..#
#.#..))).##..'≈≈~..#
###.).#..##..#≈≈~..#
#..}#..##..#≈≈≈..# #
#>..#......#≈≈~..#


You could see a two-headed ogre, a komodo dragon and a killer bee.

Vanquished Creatures
  An orc warlord (Bailey)
  Erolcha (D:9)
  3 two-headed ogres (D:10)
  The ghost of tabbu the Blocker, a novice MiFi (D:6)
  A flayed ghost (D:10)
  An orc knight (Bailey)
  Pikel (D:9)
  Maurice (D:9)
  Maggie (D:6)
  A komodo dragon (D:8)
  2 kobold demonologists
  2 unseen horrors
  2 trolls
  Prince Ribbit (D:7)
  7 yaks
  A steam dragon (D:10)
  A vampire mosquito (D:6)
  2 acid dragons
  2 water moccasins
  Duvessa (D:7)
  11 orc warriors
  A black bear (D:5)
  An ice beast (D:8)
  3 sky beasts
  5 ogres
  4 centaurs
  A lemure (D:9)
  3 phantoms
  14 kobold brigands
  A gnoll sergeant (D:9)
  A necrophage (D:7)
  4 bullfrogs
  6 water moccasin zombies (Ossuary)
  Dowan (D:7)
  11 killer bees (D:9)
  A howler monkey (D:9)
  2 hounds
  A gnoll bouda (D:5)
  12 orc priests
  3 jellies
  3 iguanas
  10 orc wizards
  2 mummies (Ossuary)
  18 gnolls
  7 adders
  4 shadow imps (D:8)
  2 white imps (D:6)
  4 ufetubi
  7 adder zombies (Ossuary)
  A worm (D:2)
  A dart slug (D:1)
  66 orcs
  6 endoplasms
  4 giant cockroaches
  4 gnoll zombies (Ossuary)
  20 goblins
  19 hobgoblins
  6 jackals (D:3)
  4 quokkas
  11 ball pythons
  5 bats
  6 hobgoblin zombies (Ossuary)
  46 kobolds
  9 kobold skeletons (D:8)
  9 kobold zombies
  3 orc zombies (Ossuary)
  7 rats
403 creatures vanquished.

Vanquished Creatures (collateral kills)
  A kobold demonologist (D:10)
  2 kobold brigands (D:10)
  2 kobolds (D:10)
5 creatures vanquished.

Vanquished Creatures (others)
  3 kobold skeletons (D:8)
  2 demonic plants (D:8)
  3 plants (D:8)
8 creatures vanquished.

Grand Total: 416 creatures vanquished

Notes
Turn   | Place    | Note
-------+----------+-------------------------------------------
     0 | D:1      | chorionicmirror the Gnoll Monk began the quest for the Orb.
     0 | D:1      | Reached XP level 1. HP: 23/23 MP: 1/1
    76 | D:1      | Reached XP level 2. HP: 29/29 MP: 2/2
   661 | D:1      | Reached XP level 3. HP: 35/35 MP: 3/3
   741 | D:2      | Reached skill level 1 in Invocations
   784 | D:2      | Got the Folio of Alteration and the Pyromaniac
   839 | D:2      | Identified the +6 trident "Qoimuar" {flame, rF+ rN+ Stlth+}
   863 | D:2      | Identified the +2 robe of the Harp {+Blink Fly Str+4}
  1136 | D:2      | Reached skill level 1 in Short Blades
  1136 | D:2      | Reached skill level 1 in Axes
  1136 | D:2      | Reached skill level 1 in Maces & Flails
  1136 | D:2      | Reached skill level 1 in Polearms
  1136 | D:2      | Reached skill level 1 in Staves
  1136 | D:2      | Reached skill level 1 in Ranged Weapons
  1136 | D:2      | Reached skill level 1 in Throwing
  1136 | D:2      | Reached skill level 1 in Armour
  1136 | D:2      | Reached skill level 1 in Shields
  1136 | D:2      | Reached skill level 1 in Unarmed Combat
  1136 | D:2      | Reached skill level 1 in Spellcasting
  1136 | D:2      | Reached skill level 1 in Evocations
  1203 | D:3      | Reached XP level 4. HP: 37/41 MP: 5/5
  1392 | D:3      | Reached skill level 1 in Conjurations
  1392 | D:3      | Reached skill level 1 in Hexes
  1392 | D:3      | Reached skill level 1 in Summonings
  1392 | D:3      | Reached skill level 1 in Necromancy
  1392 | D:3      | Reached skill level 1 in Translocations
  1392 | D:3      | Reached skill level 1 in Transmutations
  1392 | D:3      | Reached skill level 1 in Fire Magic
  1392 | D:3      | Reached skill level 1 in Ice Magic
  1392 | D:3      | Reached skill level 1 in Air Magic
  1392 | D:3      | Reached skill level 1 in Earth Magic
  1392 | D:3      | Reached skill level 1 in Poison Magic
  1714 | D:4      | Reached XP level 5. HP: 47/47 MP: 5/7
  1727 | D:4      | Noticed a phantom
  1733 | D:4      | Killed a phantom
  1734 | D:4      | Reached XP level 6. HP: 45/53 MP: 8/8
  1739 | D:4      | Identified a scroll of acquirement
  1739 | D:4      | Acquired the +2 pair of gloves "Zuby" {rPois SInv Stlth+}
  2046 | D:4      | Learned a level 1 spell: Shock
  2191 | D:5      | Entered Level 5 of the Dungeon
  2360 | D:5      | Noticed a black bear
  2364 | D:5      | Killed a black bear
  2365 | D:5      | Reached XP level 7. HP: 56/60 MP: 10/10
  2451 | D:5      | Reached skill level 5 in Stealth
  2613 | D:5      | Found a burning altar of Makhleb.
  2613 | D:5      | Noticed an Executioner
  2617 | D:5      | Noticed a ynoxinul
  2617 | D:5      | Noticed a smoke demon
  2619 | D:5      | Became a worshipper of Makhleb the Destroyer
  2619 | D:5      | Reached * piety under Makhleb
  2619 | D:5      | Reached ** piety under Makhleb
  3067 | D:6      | Reached XP level 8. HP: 67/67 MP: 12/12
  3228 | D:6      | Found a runed translucent gate.
  3229 | D:6      | Found a runed translucent gate.
  3230 | D:6      | Found a runed translucent gate.
  3231 | D:6      | Noticed tabbu's ghost (novice MiFi)
  3235 | D:6      | Noticed a yak
  3334 | D:6      | Found a white marble altar of Elyvilon.
  3416 | D:6      | Found an iron altar of Okawaru.
  3479 | D:6      | Noticed Maggie
  3498 | D:6      | Killed Maggie
  3792 | D:7      | Found a blossoming altar of Fedhas.
  3806 | D:7      | Identified the ring "Jiadu" {Ice rElec Str+5}
  3829 | D:7      | Identified the ring of Incredulity {rN++ EV+5}
  3881 | D:7      | Found a sand-covered staircase.
  3896 | D:7      | Noticed Prince Ribbit
  3898 | Ossuary  | Entered an ossuary
  3931 | Ossuary  | Reached XP level 9. HP: 72/73 MP: 14/14
  3971 | Ossuary  | Reached *** piety under Makhleb
  4107 | D:7      | Killed Prince Ribbit
  4239 | D:7      | Found a shimmering blue altar of Sif Muna.
  4425 | D:7      | Found a staircase to the Ecumenical Temple.
  4463 | Temple   | Entered the Ecumenical Temple
  4758 | D:7      | Noticed Dowan
  4759 | D:7      | Noticed Duvessa
  4767 | D:7      | Killed Duvessa
  4773 | D:7      | Reached skill level 5 in Invocations
  4781 | D:7      | Killed Dowan
  5000 | D:7      | Found an opulent altar of Gozag.
  5240 | D:6      | Killed tabbu's ghost
  5241 | D:6      | Reached skill level 5 in Short Blades
  5241 | D:6      | Reached skill level 5 in Axes
  5241 | D:6      | Reached skill level 5 in Maces & Flails
  5241 | D:6      | Reached skill level 5 in Polearms
  5241 | D:6      | Reached skill level 5 in Staves
  5241 | D:6      | Reached skill level 5 in Ranged Weapons
  5241 | D:6      | Reached skill level 5 in Throwing
  5241 | D:6      | Reached skill level 5 in Armour
  5241 | D:6      | Reached skill level 5 in Shields
  5241 | D:6      | Reached skill level 5 in Unarmed Combat
  5241 | D:6      | Reached skill level 5 in Spellcasting
  5241 | D:6      | Reached skill level 5 in Evocations
  5241 | D:6      | Reached XP level 10. HP: 61/82 MP: 17/17
  5724 | D:8      | Reached **** piety under Makhleb
  5776 | D:8      | Found an ancient bone altar of Kikubaaqudgha.
  5782 | D:8      | Noticed a kobold demonologist
  5786 | D:8      | Noticed a smoke demon
  5800 | D:8      | Killed a kobold demonologist
  6078 | D:8      | Found a staircase to the Lair.
  6217 | D:8      | Reached ***** piety under Makhleb
  6915 | D:9      | Noticed an unseen horror
  6923 | D:9      | Killed an unseen horror
  6924 | D:9      | Reached skill level 5 in Conjurations
  6924 | D:9      | Reached skill level 5 in Hexes
  6924 | D:9      | Reached skill level 5 in Summonings
  6924 | D:9      | Reached skill level 5 in Necromancy
  6924 | D:9      | Reached skill level 5 in Translocations
  6924 | D:9      | Reached skill level 5 in Transmutations
  6924 | D:9      | Reached skill level 5 in Fire Magic
  6924 | D:9      | Reached skill level 5 in Ice Magic
  6924 | D:9      | Reached skill level 5 in Air Magic
  6924 | D:9      | Reached skill level 5 in Earth Magic
  6924 | D:9      | Reached skill level 5 in Poison Magic
  6924 | D:9      | Reached XP level 11. HP: 82/89 MP: 20/20
  7094 | D:9      | Found a staircase to the Orcish Mines.
  7167 | D:9      | Noticed Maurice
  7198 | D:9      | Killed Maurice
  7291 | D:9      | Noticed Pikel
  7310 | D:9      | Killed Pikel
  7341 | D:9      | Noticed Erolcha
  7354 | D:9      | Killed Erolcha
  7408 | D:9      | Found a radiant altar of Vehumet.
  7738 | D:10     | Entered Level 10 of the Dungeon
  7827 | D:10     | Found a flagged portal.
  7834 | Bailey   | Entered a bailey
  7839 | Bailey   | Noticed an orc warlord
  7882 | Bailey   | Noticed an orc knight
  7907 | Bailey   | Killed an orc knight
  8106 | Bailey   | Found a runed translucent gate.
  8108 | Bailey   | Found a runed translucent gate.
  8110 | Bailey   | Found a runed translucent gate.
  8351 | Bailey   | Killed an orc warlord
  8543 | Bailey   | Reached skill level 10 in Fighting
  8543 | Bailey   | Reached skill level 10 in Long Blades
  8543 | Bailey   | Reached skill level 10 in Dodging
  8543 | Bailey   | Reached XP level 12. HP: 97/97 MP: 21/23
  8544 | Bailey   | Reached XP level 13. HP: 104/104 MP: 21/25
  8717 | D:10     | Reached ****** piety under Makhleb
  9037 | D:10     | Found an ancient bone altar of Kikubaaqudgha.
  9046 | D:10     | Found a hazy altar of Hepliaklqana.
  9439 | D:10     | Reached XP level 14. HP: 111/111 MP: 26/26
  9776 | D:10     | Slain by a komodo dragon

Illustrated notes

Levels and vault maps discovered:
D:1:      amcnicky_arrival_gap_in_the_tavern_cellar, layout_basic
D:2:      layout_rooms
D:3:      layout_rooms, st_stairs_6, chequers_mini_garden
D:4:      layout_rooms
D:5:      layout_basic, makhleb_altar_promises_db,
          chequers_serial_rivers_room_a, kb_lookout_dungeons_type
D:6:      corexii_shantytown, layout_basic, okawaru_ov_weapons_minmay,
          amcnicky_altar_gilded, gammafunk_ghost_split,
          chequers_decorated_corner, uniq_maggie
D:7:      layout_loops_ring, grunt_gozag_breadcrumbs,
          nicolae_sif_muna_condensation, fedhas_ov_isle_minmay,
          minmay_temple_entry_slanted, nicolae_ossuary_entry_ruins,
          uniq_prince_ribbit1, uniq_duvessa
D:8:      wander_kiku_kobolds, layout_basic, david_lair_shrubbed,
          serial_demonic, serial_demonic_b, serial_demonic_c, serial_demonic_e,
          serial_demonic_f, st_stairs_14, chequers_serial_rivers_micro_b
D:9:      layout_rooms, vehumet_statue, hiddenorc2_lemuel, uniq_maurice,
          uniq_erolcha, uniq_pikel
D:10:     layout_roguey [special_room_orc], mainiacjoe_overflow_swirl,
          enter_bailey_2, evilmike_minifort
Temple:   nicolae_temple_figure_eight

Skill      XL: |  1  2  3  4  5  6  7  8  9 10 11 12 13 |
---------------+----------------------------------------+-----
Invocations    | 1 2 3 4 5 6 8 9 |  9.3
Short Blades   | 1 2 3 5 6 7 8 |  8.5
Axes           | 1 2 3 5 6 7 8 |  8.5
Maces & Flails | 1 2 3 5 6 7 8 |  8.5
Polearms       | 1 2 3 5 6 7 8 |  8.5
Staves         | 1 2 3 5 6 7 8 |  8.5
Ranged Weapons | 1 2 3 5 6 7 8 |  8.5
Throwing       | 1 2 3 5 6 7 8 |  8.5
Armour         | 1 2 3 5 6 7 8 |  8.5
Shields        | 1 2 3 5 6 7 8 |  8.5
Unarmed Combat | 1 2 3 5 6 7 8 |  8.5
Spellcasting   | 1 2 3 5 6 7 8 |  8.5
Evocations     | 1 2 3 5 6 7 8 |  8.5
Conjurations   | 1 2 3 4 5 6 7 |  7.1
Hexes          | 1 2 3 4 5 6 7 |  7.1
Summonings     | 1 2 3 4 5 6 7 |  7.1
Necromancy     | 1 2 3 4 5 6 7 |  7.1
Translocations | 1 2 3 4 5 6 7 |  7.1
Transmutations | 1 2 3 4 5 6 7 |  7.1
Fire Magic     | 1 2 3 4 5 6 7 |  7.1
Ice Magic      | 1 2 3 4 5 6 7 |  7.1
Air Magic      | 1 2 3 4 5 6 7 |  7.1
Earth Magic    | 1 2 3 4 5 6 7 |  7.1
Poison Magic   | 1 2 3 4 5 6 7 |  7.1
Fighting       | 7 8 9 10 | 10.8
Long Blades    | 7 8 9 10 | 10.8
Dodging        | 7 8 9 10 | 10.8
Stealth        | 5 6 7 8 9 |  9.5

Action                   |  1- 3 |  4- 6 |  7- 9 | 10-12 | 13-15 || total
-------------------------+-------+-------+-------+-------+-------++-------
Melee: Falchion          |    80 |       |       |       |       ||    80
       Bite              |     7 |     2 |    19 |    53 |    19 ||   100
       Trident           |    20 |    85 |   274 |   498 |   171 ||  1048
       Punch             |     2 |     1 |     6 |    21 |    12 ||    42
 Cast: Shock             |       |     1 |     5 |       |       ||     6
Invok: Lesser Servant of |       |       |     2 |       |       ||     2
       Major Destruction |       |       |       |       |     3 ||     3
       Greater Servant o |       |       |       |       |     1 ||     1
 Abil: Evoke Blink       |       |       |       |       |     1 ||     1
  Use: Scroll            |       |    13 |     1 |     9 |       ||    23
       Potion            |       |       |     3 |    11 |     1 ||    15
 Stab: Sleeping          |     5 |    13 |    38 |    13 |     5 ||    74
       Distracted        |       |     2 |     3 |     5 |       ||    10
       Invisible         |       |       |       |     4 |       ||     4
Armor: Robe              |    18 |     9 |    46 |    74 |    19 ||   166
Dodge: Dodged            |    75 |    44 |   181 |   443 |   148 ||   891
       Repelled          |       |       |     1 |     3 |       ||     4
Block: Other             |       |       |    13 |   106 |    27 ||   146
       Reflection        |       |       |       |     2 |     1 ||     3

Table legend: (Time is in decaauts)
 A = Elapsed time spent in this place.
 B = Non-inter-level travel time spent in this place.
 C = Inter-level travel time spent in this place.
 D = Time resting spent in this place.
 E = Time spent auto-exploring this place.
 F = Levels seen in this place.
 G = Mean time per level.
                   A        B        C        D        E       F      G
               +--------+--------+--------+--------+--------+-----+--------+
         Total |   9792 |   9576 |    216 |    200 |   7066 |  13 |  753.2 |
       Dungeon |   8638 |   8452 |    186 |    100 |   6328 |  10 |  863.8 |
        Temple |    238 |    208 |     30 |      0 |    206 |   1 |  238.0 |
       Ossuary |    195 |    195 |      0 |      0 |     78 |   1 |  195.0 |
        Bailey |    720 |    720 |      0 |    100 |    454 |   1 |  720.0 |
               +--------+--------+--------+--------+--------+-----+--------+

Top non-repeatable levels by time:
     D:6: 1348 daAuts
    D:10: 1282 daAuts
     D:8: 1115 daAuts
     D:9: 1014 daAuts
     D:7: 970 daAuts
     D:1: 729 daAuts
  Bailey: 720 daAuts
     D:5: 699 daAuts
     D:3: 539 daAuts
     D:4: 491 daAuts
     D:2: 445 daAuts
  Temple: 238 daAuts
 Ossuary: 195 daAuts
